 Dungeon Crawl Stone Soup version 0.26-a0-652-gafc20e3620 (webtiles) character file.

Game seed: 203102633577386923

71614 robertstho the Severer (level 14, -14/130 HPs)
             Began as a Deep Dwarf Fighter on Oct 2, 2020.
             Was a Follower of Elyvilon.
             Killed from afar by Azrael (18 damage)
             ... with a bolt of fire
             ... on level 13 of the Dungeon.
             The game lasted 00:49:39 (19836 turns).

robertstho the Severer (Deep Dwarf Fighter)        Turns: 19836, Time: 00:49:40

Health: -14/130    AC: 21    Str: 25      XL:     14   Next: 98%
Magic:  22/26 (17) EV: 16    Int:  3 (9)  God:    Elyvilon [*.....]
Gold:   402        SH: 18    Dex: 14      Spells: 13/13 levels left

rFire    + . .     SeeInvis +   a - +0 broad axe
rCold    + . .     Faith    .   c - +0 kite shield
rNeg     + . .     Spirit   .   i - +5 plate armour of the Valley {rElec Dex+2}
rPois    +         Reflect  +   (no helmet)
rElec    +         Harm     .   n - +0 cloak of the Sneaky Lies {MR+ SInv}
rCorr    +         Rampage  .   D - +0 pair of gloves
MR       +++..                  E - +2 pair of boots
Stlth    ..........             C - amulet of reflection
HPRegen  0.00/turn              V - ring of magical power
MPRegen  0.20/turn              x - +4 ring of evasion

@: resistant, non-regenerating
A: damage resistance, heal wounds, talons 1, deformed body, deterioration 1,
negative energy resistance 1, sense surroundings 2, subdued magic 1, no
regeneration
a: Heal Wounds, Lesser Healing, Divine Protection, Renounce Religion


You were on level 13 of the Dungeon.
You worshipped Elyvilon.
Elyvilon was aware of your devotion.
You visited 3 branches of the dungeon, and saw 21 of its levels.
You also visited: Sewer.

You collected 1905 gold pieces.
You spent 1503 gold pieces at shops.

Inventory:

Hand Weapons
 a - a +0 broad axe (weapon)
 v - a +1 mace of holy wrath
 O - a +2 falchion of electrocution
 Q - a +3 morningstar
Missiles
 L - 26 poisoned darts (quivered)
Armour
 c - a +0 kite shield (worn)
 i - the +5 plate armour of the Valley (worn) {rElec Dex+2}
   (You bought it in a shop on level 2 of the Orcish Mines)

   It affects your dexterity (+2).
   It insulates you from electricity.
 n - the +0 cloak of the Sneaky Lies (worn) {MR+ SInv}
   (You bought it in a shop on level 2 of the Orcish Mines)

   It affects your resistance to hostile enchantments.
   It lets you see invisible.
 D - a +0 pair of gloves (worn)
 E - a +2 pair of boots (worn)
 N - +0 acid dragon scales
Jewellery
 d - an uncursed amulet of the acrobat
 l - an uncursed ring of magical power
 x - a +4 ring of evasion (right hand)
 C - an amulet of reflection (around neck)
 G - an uncursed ring of protection from cold
 K - the ring of Gusieg {Int+3 Dex+6}
   (You found it on level 10 of the Dungeon)

   [ring of dexterity]

   It affects your intelligence (+3).
   It affects your dexterity (+6).
 U - an uncursed amulet of magic regeneration
 V - a ring of magical power (left hand)
Wands
 b - a wand of disintegration (31)
 p - a wand of iceblast (30)
 M - a wand of digging (17)
Scrolls
 e - 3 scrolls of enchant weapon
 g - 2 scrolls of fear
 h - a scroll of identify
 k - 5 scrolls of magic mapping
 m - 3 scrolls of enchant armour {unknown}
 q - 7 scrolls of fog
 t - 4 scrolls of remove curse
 u - 2 scrolls of acquirement {unknown}
 w - 7 scrolls of teleportation
 y - 8 scrolls of immolation
 J - a scroll of silence
Potions
 f - a potion of lignification
 j - 3 potions of resistance
 o - 5 potions of flight
 r - 3 potions of magic
 s - 5 potions of curing
 B - a potion of cancellation
 H - 4 potions of brilliance
 R - 7 potions of ambrosia


   Skills:
 * Level 9.8 Fighting
 + Level 5.4 Long Blades
 * Level 16.1 Axes
 + Level 0.3(10.0) Maces & Flails
 * Level 11.3 Armour
 * Level 10.3 Dodging
 + Level 11.5 Shields
 * Level 11.2 Invocations
 + Level 0.1 Evocations


You had 13 spell levels left.
You didn't know any spells.
Your spell library contained the following spells:

 Spells                   Type           Power        Failure   Level
 Apportation              Tloc           #.....       100%        1
 Corona                   Hex            #......      100%        1
 Magic Dart               Conj           #...         100%        1
 Blink                    Tloc           N/A          100%        2
 Call Imp                 Summ           #.......     100%        2
 Searing Ray              Conj           #.....       100%        2
 Slow                     Hex            #.......     100%        2
 Confusing Touch          Hex            #.......     100%        3
 Conjure Flame            Conj/Fire      #.......     100%        3
 Dazzling Flash           Conj/Hex       #.....       100%        3
 Gell's Gravitas          Tloc           #.........   100%        3
 Inner Flame              Hex/Fire       #.......     100%        3
 Lesser Beckoning         Tloc           #.........   100%        3
 Mephitic Cloud           Conj/Pois/Air  #.......     100%        3
 Portal Projectile        Hex/Tloc       #.....       100%        3
 Teleport Other           Tloc           #.......     100%        3
 Tukima's Dance           Hex            #.......     100%        3
 Cause Fear               Hex            #.........   100%        4
 Fulminant Prism          Conj/Hex       #.........   100%        4
 Iskenderun's Mystic Bla  Conj/Tloc      #.......     100%        4
 Leda's Liquefaction      Hex/Erth       #.........   100%        4
 Passage of Golubria      Tloc           N/A          100%        4
 Petrify                  Tmut/Erth      #.......     100%        4
 Alistair's Intoxication  Tmut/Pois      #........    100%        5
 Metabolic Englaciation   Hex/Ice        #.........   100%        5
 Silence                  Hex/Air        #.........   100%        5
 Yara's Violent Unravell  Hex/Tmut       #.........   100%        5
 Invisibility             Hex            #.......     100%        6
 Discord                  Hex            #.........   100%        8


Dungeon Overview and Level Annotations

Branches:
Dungeon (13/15)            Temple (0/1) D:6            Lair (6/6) D:9
  Swamp (0/4) Lair:2        Snake (0/4) Lair:2        Slime (0/5) Lair:5
    Orc (2/2) D:9             Elf (0/3) Orc:2         Sewer (visited)
 Vaults: D:13-14

Altars:
Ashenzari
Cheibriados
Dithmenos
Elyvilon
Hepliaklqana
Okawaru
Qazlal
Ru
Trog
Vehumet
Xom
Yredelemnul
The Shining One
Beogh

Shops:
D:9 (   Orc:2 [}*[

Portals:
Abyss: Lair:1

Annotations:
D:6 2 transporters
D:13 Azrael
Lair:1 2 transporters, zhorgal's ghost, journeyman MiBe


Innate Abilities, Weirdness & Mutations

You are resistant to damage.
You can heal yourself by infusing magical energy.
You resist negative energy. (rN+)
You passively map the area around you.
You do not regenerate.
You have sharp toenails.
Armour fits poorly on your strangely shaped body.
Your body sometimes deteriorates upon taking damage.
Your spells are a little easier to cast, but a little less powerful.


Message History

Azrael is moderately wounded.
You hit Azrael.
Azrael is moderately wounded.
You block Azrael's attack.
You slash Azrael!
Azrael is moderately wounded.
You block Azrael's attack.
You hit Azrael but do no damage.
Azrael is moderately wounded.
You slash Azrael!
Azrael is heavily wounded.
Azrael gestures at you.
The sphere of damnation explodes!
The damnation engulfs you!!!
* * * LOW HITPOINT WARNING * * *
The damnation engulfs Azrael.
Azrael completely resists.
You slash Azrael!
Azrael is severely wounded.
Azrael gestures at you. The bolt of fire hits you!! You resist.
You die...

, ,, ...######.### # *
, ##........#.... #.,
,.o#........#*##. #.
..*........###.. #..
.. ...........#. *#.#
#. ........#.### #..#°
#.......).## #
#.#$###.#.....)..#)###
#.†oR@).###########.#.
###.##### #########.#
#.# #.......#.# #.#
#.#####.#.) #.#
#####.#####.#..
#.####........##.#..
#......###.##....)..
######## #.#####.##.
#.......##.


You could see Azrael and an orc.

Vanquished Creatures
  Rupert (Lair:6)
  Kirke (D:12)
  The ghost of lunkers the Fighter, a journeyman DsVM of Ashenzari (Lair:2)
  The ghost of BraveToast the Basher, a journeyman FoFi of Qazlal (D:12)
  Erolcha (D:9)
  A hydra (D:12)
  3 ogre magi (Orc:2)
  18 two-headed ogres
  A death knight (D:11)
  A death yak (Lair:6)
  A tengu warrior (D:13)
  An unseen horror (D:12)
  Pikel (D:7)
  A phantasmal warrior (D:11)
  An orc knight (Orc:1)
  An ugly thing (D:11)
  2 deep elf magi
  An orc sorcerer (Orc:1)
  A cyclops (D:12)
  A manticore (D:11)
  9 elephants
  3 black mambas
  Psyche (D:8)
  A torpor snail (Lair:6)
  10 cane toads
  3 rime drakes
  7 komodo dragons
  2 freezing wraiths
  A kobold demonologist (D:10)
  Maggie (D:9)
  A queen bee (Lair:3)
  4 trolls
  5 polar bears
  2 hornets
  3 blink frogs (Lair:4)
  7 hippogriffs
  A dream sheep (Lair:6)
  Grinder (D:3)
  2 shadows
  Sigmund (D:3)
  2 wraiths
  14 yaks
  13 spriggans (Lair:6)
  A vampire (D:12)
  3 basilisks
  A wyvern (D:13)
  2 hogs (D:12)
  5 neqoxecs (D:12)
  A steam dragon (Lair:5)
  Menkaure (D:5)
  4 nagas (Lair:2)
  3 wargs (D:9)
  4 swamp worms
  3 porcupines
  18 water moccasins
  5 hell hounds (D:13)
  23 orc warriors
  5 black bears
  3 ice beasts
  2 phantoms
  3 sky beasts
  An eye of draining (D:9)
  19 wolves
  2 boggarts (Lair:6)
  3 necrophages
  29 ogres
  5 centaurs
  A lemure (D:7)
  19 crocodiles
  Blork the orc (D:5)
  2 big kobolds
  17 bullfrogs
  A gnoll sergeant (D:10)
  A wyvern zombie (D:12)
  3 scorpions
  A wyvern skeleton (D:12)
  28 killer bees
  13 wights
  4 electric eels
  6 howler monkeys
  5 centaur zombies
  3 bullfrog zombies
  4 quasits
  6 hounds
  5 jellies
  12 orc priests
  2 centaur skeletons (D:4)
  23 orc wizards
  Jessica (D:3)
  Ijyb (D:3)
  4 iguanas
  8 worker ants
  Terence (D:2)
  A hound zombie (D:10)
  2 hound skeletons
  A worker ant zombie (D:5)
  7 gnolls
  15 adders
  3 shadow imps
  5 white imps
  3 ufetubi
  2 oozes
  An adder zombie (D:5)
  2 adder skeletons
  3 worms
  7 dart slugs
  6 leopard geckos
  79 orcs
  11 giant cockroaches
  2 gnoll zombies (D:9)
  10 goblins
  15 hobgoblins
  2 quokkas
  4 ball pythons
  6 bats
  15 frilled lizards
  15 kobolds
  A quokka zombie (D:6)
  5 rats
675 creatures vanquished.

Vanquished Creatures (others)
  A two-headed ogre (Orc:2)
  An ogre mage (Orc:2)
  A cane toad (Lair:5)
  2 hornets (Lair:6)
  A polar bear (Lair:6)
  2 spriggans (Lair:6)
  A yak (Lair:5)
  An ogre (Orc:2)
  A boggart (Lair:6)
  6 wolves (Lair:6)
  A crocodile (Lair:6)
  An orc wizard (D:13)
  A quokka (D:3)
  10 fungi
  37 plants
67 creatures vanquished.

Grand Total: 742 creatures vanquished

Notes
Turn   | Place    | Note
-------+----------+-------------------------------------------
     0 | D:1      | robertstho the Deep Dwarf Fighter began the quest for the
                  | Orb.
     0 | D:1      | Reached XP level 1. HP: 20/20 MP: 1/1
   148 | D:1      | Reached XP level 2. HP: 20/27 MP: 2/2
   297 | D:1      | Reached XP level 3. HP: 24/34 MP: 3/3
   984 | D:2      | Noticed a phantom
  1010 | D:2      | Reached skill level 3 in Axes
  1029 | D:2      | Killed a phantom
  1029 | D:2      | Reached skill level 1 in Dodging
  1029 | D:2      | Reached XP level 4. HP: 39/42 MP: 3/3
  1077 | D:2      | Reached XP level 5. HP: 38/49 MP: 4/4
  1099 | D:2      | Reached skill level 4 in Axes
  1181 | D:2      | Found an iron altar of Okawaru.
  1342 | D:2      | Found a shimmering altar of Xom.
  1354 | D:2      | Found a snail-covered altar of Cheibriados.
  1354 | D:2      | Found a broken altar of Ashenzari.
  1354 | D:2      | Found a radiant altar of Vehumet.
  1355 | D:2      | Found a sacrificial altar of Ru.
  1356 | D:2      | Found a glowing golden altar of the Shining One.
  1357 | D:2      | Found a hazy altar of Hepliaklqana.
  1393 | D:2      | Noticed Terence
  1410 | D:2      | Killed Terence
  1873 | D:3      | Noticed Sigmund
  1880 | D:3      | Reached XP level 6. HP: 30/56 MP: 5/5
  1889 | D:3      | Killed Sigmund
  1889 | D:3      | Reached skill level 5 in Axes
  1910 | D:3      | Noticed Jessica
  1916 | D:3      | Killed Jessica
  1916 | D:3      | Reached skill level 5 in Armour
  1939 | D:3      | Noticed Grinder
  1946 | D:3      | Killed Grinder
  1946 | D:3      | Reached skill level 6 in Axes
  1946 | D:3      | Reached XP level 7. HP: 36/63 MP: 6/6
  2061 | D:3      | Found a white marble altar of Elyvilon.
  2222 | D:3      | Noticed Ijyb
  2249 | D:3      | Killed Ijyb
  2333 | D:3      | Found a stormy altar of Qazlal.
  2729 | D:4      | Found a shadowy altar of Dithmenos.
  2744 | D:4      | Reached skill level 7 in Axes
  2744 | D:4      | Reached XP level 8. HP: 25/72 MP: 7/7
  3353 | D:4      | Found a glowing drain.
  3376 | Sewer    | Entered a sewer
  3601 | Sewer    | Got a jewelled plate armour
  3611 | Sewer    | Identified the +3 plate armour "Nasaz" {Int+4 Dex+2} (You
                  | found it in a sewer)
  4135 | D:3      | Became a worshipper of Elyvilon the Healer
  4225 | D:5      | Entered Level 5 of the Dungeon
  4297 | D:5      | Noticed Blork the orc
  4311 | D:5      | Killed Blork the orc
  4312 | D:5      | Reached skill level 1 in Invocations
  4348 | D:5      | Noticed Menkaure
  4360 | D:5      | Killed Menkaure
  4360 | D:5      | Reached skill level 8 in Axes
  4907 | D:6      | Found an ancient bone altar of Kikubaaqudgha.
  4907 | D:6      | Found a transporter.
  4957 | D:6      | Found a staircase to the Ecumenical Temple.
  5016 | D:6      | Found a transporter.
  5024 | D:6      | Reached * piety under Elyvilon
  5428 | D:6      | Noticed a water nymph
  5484 | D:6      | Noticed a moth of wrath
  5618 | D:6      | Reached skill level 5 in Shields
  5618 | D:6      | Gained mutation: You passively map the area around you.
                  | [Deep Dwarf growth]
  5618 | D:6      | Reached XP level 9. HP: 61/78 MP: 7/7
  5716 | D:7      | Noticed Pikel
  5730 | D:7      | Killed Pikel
  5730 | D:7      | Reached skill level 9 in Axes
  5830 | D:7      | Reached skill level 5 in Fighting
  6190 | D:7      | Reached ** piety under Elyvilon
  6324 | D:7      | Reached skill level 5 in Dodging
  6712 | D:8      | Noticed Psyche
  6720 | D:8      | Killed Psyche
  6720 | D:8      | Reached skill level 10 in Axes
  6733 | D:8      | Found a bloodstained altar of Trog.
  7168 | D:8      | Reached *** piety under Elyvilon
  7340 | D:9      | Reached XP level 10. HP: 49/87 MP: 10/10
  7343 | D:9      | Found Hed Sono's Weapon Shop.
  7349 | D:9      | Noticed Maggie
  7374 | D:9      | Killed Maggie
  7539 | D:9      | Found a staircase to the Orcish Mines.
  7547 | D:9      | Found a roughly hewn altar of Beogh.
  7771 | D:9      | Noticed Erolcha
  7790 | D:9      | Killed Erolcha
  7790 | D:9      | Reached skill level 11 in Axes
  7790 | D:9      | Reached skill level 5 in Invocations
  8097 | D:9      | Found a staircase to the Lair.
  8281 | D:9      | Found a basalt altar of Yredelemnul.
  8466 | D:10     | Entered Level 10 of the Dungeon
  8510 | D:10     | Noticed a two-headed ogre
  8521 | D:10     | Killed a two-headed ogre
  8556 | D:10     | Reached skill level 1 in Long Blades
  8580 | D:10     | Got a steaming tin ring
  8678 | D:10     | Reached XP level 11. HP: 71/96 MP: 12/12
  8934 | D:10     | Noticed a two-headed ogre
  8943 | D:10     | Killed a two-headed ogre
  9063 | D:10     | Identified the ring of Gusieg {Int+3 Dex+6} (You found it
                  | on level 10 of the Dungeon)
  9126 | D:11     | Reached **** piety under Elyvilon
  9247 | D:11     | Paralysed by a hornet for 3 turns
  9328 | D:11     | Noticed a red ugly thing
  9341 | D:11     | Killed a red ugly thing
  9458 | D:11     | Noticed a two-headed ogre
  9465 | D:11     | Killed a two-headed ogre
  9893 | D:12     | Noticed a death knight
  9900 | D:12     | Noticed a two-headed ogre
  9905 | D:12     | Noticed a phantasmal warrior
  9915 | D:12     | Noticed Kirke
  9922 | D:12     | Found a transporter.
 10095 | Orc:1    | Entered Level 1 of the Orcish Mines
 10137 | Orc:1    | Reached skill level 12 in Axes
 10290 | Orc:2    | Entered Level 2 of the Orcish Mines
 10638 | Orc:2    | Found a staircase to the Elven Halls.
 10757 | Orc:2    | Noticed a two-headed ogre
 10761 | Orc:2    | Noticed an ogre mage
 10762 | Orc:2    | Noticed a two-headed ogre
 10764 | Orc:2    | Noticed a two-headed ogre
 10768 | Orc:2    | Noticed a two-headed ogre
 10769 | Orc:2    | Noticed a two-headed ogre
 10804 | Orc:2    | Killed a two-headed ogre
 10806 | Orc:2    | Noticed an ogre mage
 10811 | Orc:2    | Noticed a two-headed ogre
 10815 | Orc:2    | Killed an ogre mage
 10821 | Orc:2    | Killed an ogre mage
 10821 | Orc:2    | Reached XP level 12. HP: 97/109 MP: 12/14
 10831 | Orc:2    | Noticed a two-headed ogre
 10832 | Orc:2    | Noticed a two-headed ogre
 10838 | Orc:2    | Noticed a two-headed ogre
 10839 | Orc:2    | Noticed a two-headed ogre
 10839 | Orc:2    | Noticed a two-headed ogre
 10840 | Orc:2    | Noticed an ogre mage
 10841 | Orc:2    | Noticed a two-headed ogre
 10877 | Orc:1    | Killed a two-headed ogre
 10877 | Orc:1    | Reached skill level 5 in Long Blades
 10892 | Orc:1    | Killed a two-headed ogre
 10956 | Lair:1   | Entered Level 1 of the Lair of Beasts
 11066 | Lair:1   | Found a transporter.
 11102 | Lair:1   | Identified the cursed +1 trident of Painful Death {distort,
                  | Str+3}
 11108 | Lair:1   | Noticed a rakshasa
 11136 | Lair:1   | Found a one-way gate to the infinite horrors of the Abyss.
 11136 | Lair:1   | Noticed zhorgal's ghost (journeyman MiBe)
 11146 | Lair:1   | Found a transporter.
 11776 | Lair:2   | Found a staircase to the Snake Pit.
 11846 | Lair:2   | Reached ***** piety under Elyvilon
 12032 | Lair:2   | Found a runed translucent door.
 12037 | Lair:2   | Noticed lunkers's ghost (journeyman DsVM)
 12137 | Lair:2   | Found a staircase to the Swamp.
 12231 | Lair:2   | Reached skill level 13 in Axes
 12265 | Lair:2   | Noticed an eight-headed hydra
 12277 | Lair:2   | Pacified an eight-headed hydra
 12693 | Lair:2   | Killed lunkers's ghost
 12924 | Lair:3   | Reached XP level 13. HP: 81/117 MP: 16/16
 13185 | Lair:3   | Reached skill level 10 in Armour
 13376 | Lair:3   | Reached skill level 10 in Shields
 14662 | Lair:5   | Reached skill level 14 in Axes
 15190 | Lair:5   | Found a staircase to the Slime Pits.
 15299 | Lair:6   | Entered Level 6 of the Lair of Beasts
 15435 | Lair:6   | Noticed Rupert
 15474 | Lair:6   | Killed Rupert
 16154 | Lair:6   | Gained mutation: You resist negative energy. (rN+) [Deep
                  | Dwarf growth]
 16154 | Lair:6   | Reached XP level 14. HP: 78/127 MP: 18/18
 16193 | Lair:6   | Reached skill level 10 in Invocations
 16971 | Orc:1    | Reached skill level 15 in Axes
 17482 | Orc:2    | Found Fuagi's Armour Boutique.
 17482 | Orc:2    | Found Jabby's Gadget Shoppe.
 17483 | Orc:2    | Found Suggegex's General Store.
 17483 | Orc:2    | Found Erauw's Antique Armour Shop.
 17490 | Orc:2    | Bought the +5 plate armour of the Valley {rElec Dex+2} for
                  | 1059 gold pieces
 17490 | Orc:2    | Bought the +0 cloak of the Sneaky Lies {MR+ SInv} for 340
                  | gold pieces
 17514 | Orc:2    | Bought a potion of mutation for 104 gold pieces
 17771 | Orc:1    | Gained mutation: You are weak. (Str -2) [a neqoxec]
 18308 | D:12     | Killed Kirke
 18308 | D:12     | Reached skill level 10 in Dodging
 18795 | D:12     | Noticed BraveToast's ghost (journeyman FoFi)
 18823 | D:12     | Found a transporter.
 18889 | D:12     | Gained mutation: You are clumsy. (Dex -2) [a neqoxec]
 18899 | D:12     | Reached skill level 16 in Axes
 18903 | D:12     | Gained mutation: You have large cloven feet. [a neqoxec]
 18924 | D:12     | Gained mutation: You are very weak. (Str -4) [a neqoxec]
 18927 | D:12     | Gained mutation: You tend to lose your temper in combat. [a
                  | neqoxec]
 18943 | D:12     | Killed BraveToast's ghost
 19593 | D:13     | Lost mutation: You are clumsy. (Dex -2) [potion of
                  | mutation]
 19593 | D:13     | Lost mutation: You have large cloven feet. [potion of
                  | mutation]
 19593 | D:13     | Lost mutation: You are very weak. (Str -4) [potion of
                  | mutation]
 19593 | D:13     | Lost mutation: You tend to lose your temper in combat.
                  | [potion of mutation]
 19593 | D:13     | Gained mutation: You are clumsy. (Dex -2) [potion of
                  | mutation]
 19593 | D:13     | Gained mutation: You tend to lose your temper in combat.
                  | [potion of mutation]
 19593 | D:13     | Lost mutation: You are clumsy. (Dex -2) [potion of
                  | mutation]
 19594 | D:13     | Lost mutation: You tend to lose your temper in combat.
                  | [potion of mutation]
 19594 | D:13     | Lost mutation: You are weak. (Str -2) [potion of mutation]
 19594 | D:13     | Gained mutation: Your body sometimes deteriorates upon
                  | taking damage. [potion of mutation]
 19594 | D:13     | Gained mutation: Armour fits poorly on your strangely
                  | shaped body. [potion of mutation]
 19594 | D:13     | Gained mutation: Your spells are a little easier to cast,
                  | but a little less powerful. [potion of mutation]
 19594 | D:13     | Gained mutation: You have sharp toenails. [potion of
                  | mutation]
 19767 | D:13     | Noticed Azrael
 19835 | D:13     | HP: 4/130 [Azrael/damnation (44)]
 19836 | D:13     | Killed from afar by Azrael

Illustrated notes

Levels and vault maps discovered:
D:1:      psy_arrival_terrarium, layout_loops_ring, minivault_23,
          chequers_big_river, minmay_pentomino_s2
D:2:      layout_loops_corners, old_standard_altar, minitemple, minmay_cut_off,
          uniq_terence
D:3:      cheibrodos_pilgrimage, layout_loops_cross,
          nicolae_qazlal_eye_of_the_storm, elyvilon_altar_4, uniq_sigmund,
          uniq_jessica, uniq_grinder, uniq_ijyb
D:4:      layout_layer_cave, nicolae_dithmenos_shadow_blocks,
          cheibrodos_sewer_entry_bend
D:5:      layout_rooms, uniq_menkaure, uniq_blork_the_orc
D:6:      layout_cave_pods, gammafunk_temple_overflow_arena, temple_green
D:7:      layout_loops_corners, uniq_pikel
D:8:      layout_gridville, trog_three_pillars_becter, uniq_psyche
D:9:      layout_stronghold, lemuel_zombie_altar_yredelemnul,
          erik_lair_orcish_takeover, minmay_orc_entry_temple_small,
          serial_shops, shop_fountains, uniq_maggie, uniq_erolcha
D:10:     layout_gridville
D:11:     layout_irregular_city, minivault_26
D:12:     layout_cave_pools, gammafunk_ghost_stat_death, uniq_kirke
D:13:     layout_loops_cross, uniq_azrael
Lair:1:   layout_regular_city, gammafunk_ghost_abyssal_escape
Lair:2:   layout_gridlike, nicolae_swamp_entry_splash_gauntlet,
          minmay_snake_entry_guardpost_small, ebering_ghost_reflecting_pool,
          pond, grunt_megastairs_1
Lair:3:   layout_roguey [special_room_bee], worms_lemuel
Lair:4:   layout_gridlike, lookout_lair_type, chequers_serial_rivers_small_a
Lair:5:   layout_regular_city, dpeg_slime_entry_corner, hibernation_bobbens,
          grunt_megastairs_5
Lair:6:   minmay_lair_end_enchanted_forest, layout_regular_city,
          minmay_stone_trees_medium, grunt_megastairs_2, uniq_rupert
Orc:1:    layout_caves
Orc:2:    st_orc_ogre_mass, layout_diamond_mine

Skill      XL: |  1  2  3  4  5  6  7  8  9 10 11 12 13 14 |
---------------+-------------------------------------------+-----
Fighting       | 3 4 5 6 7 8 9 |  9.8
Axes           | 3 4 6 7 8 10 11 12 13 14 16 | 16.1
Armour         | 4 5 6 7 8 9 10 11 | 11.3
Dodging        | 1 2 3 4 5 6 7 8 9 10 | 10.3
Shields        | 4 5 7 8 9 10 11 | 11.5
Invocations    | 2 4 6 7 8 9 11 | 11.2
Long Blades    | 1 4 5 |  5.4
Maces & Flails | |  0.3
Evocations     | |  0.1

Action                   |  1- 3 |  4- 6 |  7- 9 | 10-12 | 13-15 || total
-------------------------+-------+-------+-------+-------+-------++-------
Melee: War axe           |   115 |   117 |   517 |   530 |  1121 ||  2400
       Falchion          |       |       |       |   471 |       ||   471
       Long sword        |       |       |       |     7 |       ||     7
       Morningstar       |       |       |       |     5 |     8 ||    13
       Broad axe         |       |       |       |       |   357 ||   357
Invok: Lesser Healing    |       |       |    13 |    63 |    84 ||   160
       Greater Healing   |       |       |       |    11 |    14 ||    25
       Heal Other        |       |       |       |     2 |    30 ||    32
       Purification      |       |       |       |       |     1 ||     1
 Abil: Heal Wounds       |     1 |     1 |     7 |     3 |     7 ||    19
Evoke: Wand              |       |       |       |       |     2 ||     2
  Use: Potion            |       |     1 |     1 |     6 |     9 ||    17
       Scroll            |       |       |    15 |    11 |    11 ||    37
Armor: Scale mail        |    49 |    47 |    90 |       |       ||   186
       Plate armour      |       |       |   116 |   415 |   385 ||   916
Dodge: Dodged            |    30 |    35 |   178 |   521 |   701 ||  1465
Block: Kite shield       |    53 |    59 |   330 |  1059 |  1167 ||  2668
       Reflection        |       |       |     7 |    19 |     3 ||    29
       Rpst.: Falchion   |       |       |       |    56 |       ||    56
       Long sword        |       |       |       |     2 |       ||     2

Table legend: (Time is in decaauts)
 A = Elapsed time spent in this place.
 B = Non-inter-level travel time spent in this place.
 C = Inter-level travel time spent in this place.
 D = Time resting spent in this place.
 E = Time spent auto-exploring this place.
 F = Levels seen in this place.
 G = Mean time per level.
                   A        B        C        D        E       F      G
               +--------+--------+--------+--------+--------+-----+--------+
         Total |  19996 |  18390 |   1606 |     75 |  12630 |  22 |  908.9 |
       Dungeon |  11717 |  10538 |   1179 |     30 |   7411 |  13 |  901.3 |
          Lair |   5803 |   5543 |    260 |      0 |   3975 |   6 |  967.2 |
  Orcish Mines |   1932 |   1766 |    166 |     45 |    891 |   2 |  966.0 |
         Sewer |    542 |    542 |      0 |      0 |    352 |   1 |  542.0 |
               +--------+--------+--------+--------+--------+-----+--------+

Top non-repeatable levels by time:
  Lair:6: 1429 daAuts
     D:9: 1362 daAuts
   Orc:2: 1328 daAuts
     D:2: 1141 daAuts
     D:4: 1100 daAuts
  Lair:2: 1052 daAuts
     D:1: 996 daAuts
     D:3: 973 daAuts
    D:11: 957 daAuts
     D:7: 934 daAuts
  Lair:3: 930 daAuts
  Lair:5: 868 daAuts
     D:6: 815 daAuts
    D:10: 805 daAuts
  Lair:4: 805 daAuts
